 Dungeon Crawl Stone Soup version 0.21.0-3-g78d12a8bdd (webtiles) character file.

30 DIABLO2 the Skirmisher (level 3, -9/54 HPs)
             Began as a Naga Berserker on Jan 10, 2018.
             Was a Follower of Trog.
             Mangled by an orc warrior
             ... wielding a +0 scimitar
              (20 damage)
             ... on level 2 of the Dungeon.
             The game lasted 00:01:47 (1161 turns).

DIABLO2 the Skirmisher (Naga Berserker)             Turns: 1161, Time: 00:01:47

Health: -9/54      AC:  2    Str: 24    XL:     3   Next: 20%
Magic:  3/3        EV: 10    Int:  7    God:    Trog [*.....]
Gold:   83         SH:  0    Dex: 11    Spells: 2/2 levels left

rFire    . . .     SeeInvis +   a - +0 mace
rCold    . . .     Gourm    .   (no shield)
rNeg     . . .     Faith    .   b - +0 animal skin
rPois    +         Spirit   .   (no helmet)
rElec    .         Reflect  .   (no cloak)
rCorr    .         Harm     .   (no gloves)
MR       .....                  (no barding)
Stlth    ..........             (no amulet)
HPRegen  0.18/turn              (no ring)
MPRegen  0.08/turn              (no ring)

@: berserking, quick
A: large, see invisible, deformed body, poison resistance, slowness 2, slow
metabolism 1, spit poison 1, AC +1
a: Spit Poison, Berserk, Burn Spellbooks, Renounce Religion


You were on level 2 of the Dungeon.
You worshipped Trog.
Trog was aware of your devotion.
You were very hungry.

You visited 1 branch of the dungeon, and saw 2 of its levels.

You collected 83 gold pieces.

Inventory:

Hand Weapons
 a - a +0 mace (weapon)
Missiles
 g - 21 stones (quivered)
Armour
 b - a +0 animal skin (worn)
Scrolls
 d - a scroll of teleportation {unknown}
 e - 2 scrolls of identify {unknown}
 f - a scroll of blinking {unknown}
 h - a scroll of remove curse {unknown}
 j - a scroll of fog {unknown}
Potions
 i - a potion of lignification {unknown}
Comestibles
 c - 2 rations


   Skills:
 * Level 3.9 Fighting
 - Level 3.0 Maces & Flails
 - Level 1.5 Armour
 - Level 1.5 Dodging
 + Level 2.3 Stealth


You had 2 spell levels left.
You didn't know any spells.

Dungeon Overview and Level Annotations

Branches:
Dungeon (2/15)

Altars:


Innate Abilities, Weirdness & Mutations

You cannot wear boots.
Your serpentine skin is tough. (AC +1)
You have supernaturally acute eyesight. (SInv)
Armour fits poorly on your strangely shaped body.
Your system is resistant to poisons. (rPois)
You cover ground very slowly.
You have a slow metabolism.
You can spit poison.


Message History

You closely miss the orc warrior.
The orc warrior is heavily wounded.
The orc wizard casts a spell.
The orc wizard blinks!
The orc warrior hits you with a scimitar!
* * * LOW HITPOINT WARNING * * *
You barely miss the orc warrior.
The orc warrior is heavily wounded.
The orc sings a few bars from the Orcish anthem.
You barely miss the orc warrior.
The orc warrior is heavily wounded.
The orc warrior hits you with a scimitar.
* * * LOW HITPOINT WARNING * * *
The orc closely misses you.
You hit the orc warrior.
The orc warrior is severely wounded.
The orc hits you with a whip.
* * * LOW HITPOINT WARNING * * *
The orc warrior hits you with a scimitar!!
You die...

### #.#####.######
######.#<....... ..
#........#########.
#.####.............
#o@oo#........>....
####.#..###########
#..# ........ #..#
.......< #..#
######## #...


You could see an orc warrior and 2 orcs.

Vanquished Creatures
  A worm (D:2)
  A dart slug (D:1)
  3 bats
  2 giant cockroaches (D:1)
  2 goblins (D:1)
  2 hobgoblins (D:1)
  4 jackals (D:2)
  A frilled lizard (D:1)
  4 kobolds (D:1)
  4 rats (D:1)
24 creatures vanquished.

Notes
Turn   | Place    | Note
-------+----------+-------------------------------------------
     0 | D:1      | DIABLO2 the Naga Berserker began the quest for the Orb.
     0 | D:1      | Reached XP level 1. HP: 21/21 MP: 1/1
   135 | D:1      | Reached skill level 1 in Stealth
   227 | D:1      | Reached XP level 2. HP: 28/28 MP: 2/2
   840 | D:2      | Reached XP level 3. HP: 11/36 MP: 3/3
  1151 | D:2      | Noticed an orc warrior
  1161 | D:2      | Mangled by an orc warrior

Skill      XL: |  1  2 |
---------------+-------+-----
Stealth        | 1 2 |  2.3
Fighting       | |  3.9
Maces & Flails | |  3.0
Armour         | |  1.5
Dodging        | |  1.5

Action                   || total
-------------------------++-------
Melee: Mace              ||    74
Invok: Berserk           ||     1
 Abil: Spit Poison       ||     1
 Stab: Sleeping          ||     1
Armor: Animal skin       ||     9
Dodge: Dodged            ||    47
